 Dungeon Crawl Stone Soup version 0.22-a0-271-gc000056 (webtiles) character file.

26 grindst0ne the Skirmisher (level 2, 0/25 HPs)
             Began as a Demonspawn Chaos Knight on Mar 10, 2018.
             Succumbed to an adder's poison
             ... on level 2 of the Dungeon.
             The game lasted 00:02:05 (716 turns).

grindst0ne the Skirmisher (Demonspawn Chaos Knight)  Turns: 716, Time: 00:02:06

Health: 0/25       AC:  5    Str: 12    XL:     2   Next: 89%
Magic:  2/2        EV: 11    Int: 13    God:    Xom [..*...]
Gold:   119        SH:  0    Dex: 12    Spells: 1/1 levels left

rFire    . . .     SeeInvis .   a - +0 hand axe (chaos)
rCold    . . .     Gourm    .   (no shield)
rNeg     . . .     Faith    .   b - +2 leather armour
rPois    .         Spirit   .   (no helmet)
rElec    .         Reflect  .   (no cloak)
rCorr    .         Harm     .   (no gloves)
MR       .....                  (no boots)
Stlth    +.........             (no amulet)
HPRegen  0.08/turn              (no ring)
MPRegen  0.08/turn              (no ring)

@: lethally poisoned (0 -> -6), berserk cooldown
A: claws 1, talons 1, wild magic 1
a: Renounce Religion


You were on level 2 of the Dungeon.
You worshipped Xom.
You were a toy of Xom.
You were not hungry.

You visited 1 branch of the dungeon, and saw 2 of its levels.

You collected 119 gold pieces.

Inventory:

Hand Weapons
 a - a +0 hand axe of chaos (weapon)
Armour
 b - a +2 leather armour (worn)
Jewellery
 i - an uncursed ring of wizardry {unknown}
Scrolls
 d - 2 scrolls of identify {unknown}
 e - a scroll of teleportation {unknown}
 h - a scroll of amnesia {unknown}
 l - a scroll of enchant armour {unknown}
Comestibles
 c - 3 rations
 k - 3 chunks of flesh


   Skills:
 + Level 4.1 Fighting
 - Level 2.6 Axes
 - Level 1.7 Armour
 - Level 0.8 Dodging


You had one spell level left.
You didn't know any spells.

Dungeon Overview and Level Annotations

Branches:
Dungeon (2/15)

Altars:


Innate Abilities, Weirdness & Mutations

You have sharp fingernails.
You have sharp toenails.
Your spells are a little harder to cast, but a little more powerful.


Message History

a chunk of flesh; a kobold corpse
* * * LOW HITPOINT WARNING * * *
You feel sick.
You see here a stone.
You feel your anger nearly subside.
You are no longer berserk.
You are exhausted.
You feel yourself slow down.
Things that are here:
a chunk of flesh; a kobold corpse It was a potion of mutation.
You feel extremely strange.
You feel less in control of your magic.
Your toenails lengthen and sharpen.
* * * LOW HITPOINT WARNING * * *
You feel sick.
It was a potion of cancellation.
Your magical effects are unravelling.
You feel magically purged.
You feel yourself speed up.
You float gracefully downwards.
You die...
Xom roars with laughter!

. #.......#...#
..
#.......###.#
..
#.......#...#
...
##....###.#.#
####.###.# #
#.#... .#
#.##.##.#
.######.##....#
........(@....#
.####.#####...#
... #..<# #.#
(...# #. .#....
# .. ..... .#
##.... .. ....


There were no monsters in sight!

Vanquished Creatures
  An adder (D:2)
  2 giant cockroaches (D:1)
  3 goblins (D:1)
  3 jackals (D:2)
  2 bats
  4 kobolds
  A rat (D:2)
16 creatures vanquished.

Notes
Turn   | Place    | Note
-------+----------+-------------------------------------------
     0 | D:1      | grindst0ne the Demonspawn Chaos Knight began the quest for the Orb.
     0 | D:1      | Reached XP level 1. HP: 18/18 MP: 1/1
   280 | D:1      | XOM: potion effect (haste)
   342 | D:1      | XOM: cast spell 'Summon Small Mammal'
   374 | D:1      | XOM: harmless Ice miscast
   479 | D:1      | Gained mutation: You have sharp fingernails. [demonic ancestry]
   479 | D:1      | Reached XP level 2. HP: 17/24 MP: 2/2
   707 | D:2      | XOM: harmless Erth miscast
   708 | D:2      | Reached skill level 4 in Fighting
   715 | D:2      | Gained mutation: Your spells are a little harder to cast, but a little more powerful. [potion of mutation]
   715 | D:2      | Gained mutation: You have sharp toenails. [potion of mutation]
   715 | D:2      | HP: 1/25 [poisoned by an adder]
   716 | D:2      | Succumbed to an adder's poison

Vault maps used:
D:1:      dpeg_arrival_concentric_ovals
D:2:      minmay_door_path, uniq_natasha, uniq_robin, uniq_crazy_yiuf_cottage

Skill      XL: |  1  2 |
---------------+-------+-----
Fighting       | 4 |  4.1
Axes           | |  2.6
Armour         | |  1.7
Dodging        | |  0.8

Action                   || total
-------------------------++-------
Melee: Hand axe          ||    67
  Use: Potion            ||     4
 Stab: Paralysed         ||     2
Armor: Leather armour    ||    30
Dodge: Dodged            ||    51

Table legend:
 A = Spawn XP
 B = Non-spawn XP
 C = Spawn XP percentage of total XP
 D = Spawn monster count
 E = Non-spawn monster count
 F = Spawn count percentage of total count
 G = Total turns spent on level
                    A         B        C        D         E        F      G
               +---------+---------+-------+---------+---------+-------+---------
         Total |       0 |      38 |   0.0 |       0 |      16 |   0.0 |   716
               +---------+---------+-------+---------+---------+-------+---------
           D:1 |       0 |      14 |   0.0 |       0 |       9 |   0.0 |   560
           D:2 |       0 |      24 |   0.0 |       0 |       7 |   0.0 |   156
               +---------+---------+-------+---------+---------+-------+---------
